 Dungeon Crawl Stone Soup version 0.22-a0-322-g60b3cfd (webtiles) character file.

421 xccam the Skirmisher (level 6, -1/53 HPs)
             Began as a Gnoll Wanderer on Apr 3, 2018.
             Slain by a river rat (5 damage)
             ... in a sewer.
             The game lasted 00:05:26 (3276 turns).

xccam the Skirmisher (Gnoll Wanderer)               Turns: 3276, Time: 00:05:28

Health: -1/53      AC: 10    Str: 15    XL:     6   Next: 94%
Magic:  9/9        EV: 10    Int: 23    God:
Gold:   201        SH:  0    Dex: 12    Spells: 9/9 levels left

rFire    . . .     SeeInvis .   b - +0 spear
rCold    . . .     Gourm    .   (no shield)
rNeg     . . .     Faith    .   a - +2 scale mail
rPois    .         Spirit   .   (no helmet)
rElec    .         Reflect  .   (no cloak)
rCorr    .         Harm     .   v - +0 pair of gloves
MR       .....                  (no boots)
Stlth    ++........             (no amulet)
HPRegen  0.17/turn              (no ring)
MPRegen  0.11/turn              (no ring)

@: brilliant, lethally poisoned (-1 -> -3), flying
A: distributed training, fangs 1, strong nose
a: no special abilities


You were in a sewer.
You were very hungry.

You visited 1 branch of the dungeon, and saw 4 of its levels.
You also visited: Sewer.

You collected 201 gold pieces.

Inventory:

Hand Weapons
 b - a +0 spear (weapon)
 d - a +0 dagger
Armour
 a - a +2 scale mail (worn)
 v - a +0 pair of gloves (worn)
Wands
 w - a wand of disintegration (8)
Scrolls
 g - 2 scrolls of immolation {unknown}
 i - 2 scrolls of enchant armour {unknown}
 j - a scroll of amnesia {unknown}
 k - 3 scrolls of remove curse {unknown}
 o - 2 scrolls of identify {unknown}
 s - 3 scrolls of magic mapping {unknown}
 t - 3 scrolls of noise {unknown}
 u - a scroll of enchant weapon {unknown}
Potions
 e - a potion of berserk rage {unknown}
 h - 2 potions of magic
 l - a potion of resistance {unknown}
 m - 2 potions of lignification {unknown}
 n - a potion of degeneration {unknown}
 p - 3 potions of flight
 q - 3 potions of heal wounds {unknown}
 r - 5 potions of brilliance
 x - a potion of agility {unknown}
Comestibles
 f - 7 rations


   Skills:
 + Level 6.9 Fighting
 + Level 2.1 Short Blades
 + Level 2.1 Long Blades
 + Level 2.1 Axes
 + Level 2.1 Maces & Flails
 + Level 3.3 Polearms
 + Level 2.1 Staves
 + Level 2.1 Slings
 + Level 2.1 Bows
 + Level 2.1 Crossbows
 + Level 2.1 Throwing
 + Level 5.0 Armour
 + Level 3.3 Dodging
 + Level 6.3 Stealth
 + Level 2.1 Shields
 + Level 2.1 Unarmed Combat
 + Level 2.1 Spellcasting
 + Level 1.7 Conjurations
 + Level 1.7 Hexes
 + Level 1.7 Charms
 + Level 1.7 Summonings
 + Level 1.7 Necromancy
 + Level 1.7 Translocations
 + Level 1.7 Transmutations
 + Level 1.7 Fire Magic
 + Level 1.7 Ice Magic
 + Level 1.7 Air Magic
 + Level 1.7 Earth Magic
 + Level 1.7 Poison Magic
 + Level 2.3 Invocations
 + Level 2.1 Evocations


You had 9 spell levels left.
You didn't know any spells.

Dungeon Overview and Level Annotations

Branches:
Dungeon (4/15)
 Temple: D:4-7

Altars:
Ru


Innate Abilities, Weirdness & Mutations

Your experience applies equally to all skills.
You have very sharp teeth.
Your uncanny sense of smell can sniff out nearby items.


Message History

* * * LOW HITPOINT WARNING * * *
The rat bites you but does no damage.
It was a potion of magic.
Magic courses through your body.
You feel sick. The rat barely misses you. The rat closely misses you.
The rat bites you but does no damage. The river rat closely misses you.
It was a potion of flight.
You feel very buoyant.
You fly up into the air.
The rat bites you.
* * * LOW HITPOINT WARNING * * *
The rat bites you but does no damage.
The rat twitches its whiskers.
The rat barely misses you.
The river rat bites you but does no damage.
It was a potion of brilliance.
You feel clever all of a sudden. The rat barely misses you.
The rat bites you but does no damage. The rat bites you.
* * * LOW HITPOINT WARNING * * *
The river rat bites you.
You die...

# #### #### ###### ....##
##..### ##....(
......####....÷###......
#.....................
##..r....##...........
#...r@...####.....(##≈
......rr....##......##≈≈
.≈≈...........≈≈≈..≈≈≈≈≈
≈≈≈≈≈≈.≈.≈.≈≈.≈≈≈≈≈≈≈≈≈≈
≈≈≈≈≈≈≈≈≈≈÷≈≈≈≈≈≈≈≈≈≈≈≈≈
≈≈≈≈≈≈≈≈≈≈÷÷÷≈≈≈≈≈≈≈≈≈≈≈≈
≈≈≈≈≈≈..≈≈≈.≈≈≈≈≈≈≈≈≈≈≈≈≈
≈≈≈≈≈≈≈.....≈≈≈≈≈≈≈≈≈≈≈≈≈
≈≈≈.≈≈.........≈≈≈.≈≈≈≈≈≈


You could see a river rat and 3 rats.

Vanquished Creatures
  An ogre (D:4)
  The ghost of sankara the Firebug, an amateur DEFE (D:3)
  2 orc wizards (D:3)
  A jelly (D:4)
  7 adders
  4 river rats
  4 worms
  A dart slug (D:2)
  2 leopard geckos (D:1)
  5 orcs
  4 ball pythons (Sewer)
  3 bats
  5 giant cockroaches
  5 goblins
  2 hobgoblins
  A quokka (D:2)
  3 frilled lizards (D:1)
  17 kobolds
  19 rats
87 creatures vanquished.

Vanquished Creatures (others)
  5 toadstools (D:1)
5 creatures vanquished.

Grand Total: 92 creatures vanquished

Notes
Turn   | Place    | Note
-------+----------+-------------------------------------------
     0 | D:1      | xccam the Gnoll Wanderer began the quest for the Orb.
     0 | D:1      | xccam set off with: a +2 scale mail, a +0 spear, a potion of curing, a +0 dagger, a ration
     0 | D:1      | Reached XP level 1. HP: 23/23 MP: 1/1
   157 | D:1      | Reached XP level 2. HP: 29/29 MP: 2/2
   692 | D:2      | Reached XP level 3. HP: 18/35 MP: 3/3
   882 | D:2      | Reached skill level 1 in Invocations
  1454 | D:3      | Reached skill level 1 in Short Blades
  1454 | D:3      | Reached skill level 1 in Long Blades
  1454 | D:3      | Reached skill level 1 in Axes
  1454 | D:3      | Reached skill level 1 in Maces & Flails
  1454 | D:3      | Reached skill level 1 in Staves
  1454 | D:3      | Reached skill level 1 in Slings
  1454 | D:3      | Reached skill level 1 in Bows
  1454 | D:3      | Reached skill level 1 in Crossbows
  1454 | D:3      | Reached skill level 1 in Throwing
  1454 | D:3      | Reached skill level 1 in Shields
  1454 | D:3      | Reached skill level 1 in Unarmed Combat
  1454 | D:3      | Reached skill level 1 in Spellcasting
  1454 | D:3      | Reached skill level 1 in Evocations
  1454 | D:3      | Reached XP level 4. HP: 40/41 MP: 5/5
  1792 | D:3      | Noticed sankara's ghost (amateur DEFE)
  1853 | D:3      | Killed sankara's ghost
  1853 | D:3      | Reached skill level 1 in Conjurations
  1853 | D:3      | Reached skill level 1 in Hexes
  1853 | D:3      | Reached skill level 1 in Charms
  1853 | D:3      | Reached skill level 1 in Summonings
  1853 | D:3      | Reached skill level 1 in Necromancy
  1853 | D:3      | Reached skill level 1 in Translocations
  1853 | D:3      | Reached skill level 1 in Transmutations
  1853 | D:3      | Reached skill level 1 in Fire Magic
  1853 | D:3      | Reached skill level 1 in Ice Magic
  1853 | D:3      | Reached skill level 1 in Air Magic
  1853 | D:3      | Reached skill level 1 in Earth Magic
  1853 | D:3      | Reached skill level 1 in Poison Magic
  1853 | D:3      | Reached XP level 5. HP: 11/47 MP: 5/7
  2323 | D:3      | HP: 1/47 [orc (4)]
  2651 | D:4      | Reached XP level 6. HP: 35/53 MP: 8/8
  2664 | D:4      | Found a sacrificial altar of Ru.
  2747 | D:4      | Reached skill level 5 in Armour
  2832 | D:4      | Found a glowing drain.
  2837 | Sewer    | Entered a sewer
  3276 | Sewer    | Slain by a river rat

Vault maps used:
D:1:      ldierk_walled_garden
D:3:      hangedman_feature_mirror
D:4:      grunt_temple_overflow_open, minmay_temple_entry_junction,
          lightli_sewer_entry_pipes, minmay_misc_feat_iff,
          corexii_item_surrounded_by_moat, nicolae_ru_sacrificial_ziggurat,
          uniq_grinder
Sewer:    sewer_minmay_treatment

Skill      XL: |  1  2  3  4  5  6 |
---------------+-------------------+-----
Stealth        | 6 |  6.3
Invocations    | 1 2 |  2.3
Short Blades   | 1 2 |  2.1
Long Blades    | 1 2 |  2.1
Axes           | 1 2 |  2.1
Maces & Flails | 1 2 |  2.1
Staves         | 1 2 |  2.1
Slings         | 1 2 |  2.1
Bows           | 1 2 |  2.1
Crossbows      | 1 2 |  2.1
Throwing       | 1 2 |  2.1
Shields        | 1 2 |  2.1
Unarmed Combat | 1 2 |  2.1
Spellcasting   | 1 2 |  2.1
Evocations     | 1 2 |  2.1
Conjurations   | 1 |  1.7
Hexes          | 1 |  1.7
Charms         | 1 |  1.7
Summonings     | 1 |  1.7
Necromancy     | 1 |  1.7
Translocations | 1 |  1.7
Transmutations | 1 |  1.7
Fire Magic     | 1 |  1.7
Ice Magic      | 1 |  1.7
Air Magic      | 1 |  1.7
Earth Magic    | 1 |  1.7
Poison Magic   | 1 |  1.7
Polearms       | 3 |  3.3
Dodging        | 3 |  3.3
Armour         | 5 |  5.0
Fighting       | |  6.9

Action                   |  1- 3 |  4- 6 || total
-------------------------+-------+-------++-------
Melee: Spear             |   107 |   356 ||   463
       Bite              |     7 |    33 ||    40
       Punch             |       |     4 ||     4
Evoke: Wand              |       |     1 ||     1
  Use: Potion            |       |     8 ||     8
 Stab: Sleeping          |     8 |     2 ||    10
  Eat: Chunk             |     1 |     6 ||     7
Armor: Scale mail        |    27 |   228 ||   255
Dodge: Dodged            |    40 |   230 ||   270

Table legend:
 A = Spawn XP
 B = Non-spawn XP
 C = Spawn XP percentage of total XP
 D = Spawn monster count
 E = Non-spawn monster count
 F = Spawn count percentage of total count
 G = Total turns spent on level
                    A         B        C        D         E        F      G
               +---------+---------+-------+---------+---------+-------+---------
         Total |       0 |     602 |   0.0 |       0 |      87 |   0.0 |  3276
               +---------+---------+-------+---------+---------+-------+---------
           D:1 |       0 |      29 |   0.0 |       0 |      18 |   0.0 |   674
           D:2 |       0 |      43 |   0.0 |       0 |      14 |   0.0 |   774
           D:3 |       0 |     240 |   0.0 |       0 |      19 |   0.0 |  1187
           D:4 |       0 |     192 |   0.0 |       0 |       7 |   0.0 |   202
         Sewer |       0 |      98 |   0.0 |       0 |      29 |   0.0 |   439
               +---------+---------+-------+---------+---------+-------+---------
